 Dungeon Crawl Stone Soup version 0.28.0-47-ge53b351184 (webtiles) character file.

Game seed: 18399077125916574548

77786 Exodus22XD the Severer (level 15, -4/126 HPs)
             Began as a Minotaur Fighter on May 8, 2022.
             Was the Champion of Hepliaklqana.
             Killed by divine providence
             ... invoked by a meliai
              (11 damage)
             ... on level 1 of the Spider Nest.
             The game lasted 01:04:52 (27536 turns).

Exodus22XD the Severer (Minotaur Fighter)          Turns: 27536, Time: 01:04:52

Health: -4/126     AC: 20    Str: 27    XL:     15   Next: 16%
Magic:  23/23      EV:  8    Int:  5    God:    Hepliaklqana [******]
Gold:   1915       SH: 12    Dex: 11    Spells: 14/14 levels left

rFire   . . .      SeeInvis .   F - +9 broad axe (freeze)
rCold   + . .      Faith    .   c - +0 buckler
rNeg    . . .      Spirit   .   X - +2 chain mail {rC+}
rPois   +          Reflect  +   (helmet restricted)
rElec   .          Harm     .   R - +0 cloak
rCorr   +          Rampage  +   (no gloves)
Will    +....                   Z - +2 pair of boots {rampage}
Stlth   ..........              z - amulet of reflection
HPRegen 0.31/turn               t - ring of poison resistance
MPRegen 0.18/turn               Y - ring of resist corrosion

@: studying Fire Magic
A: reduced essence, horns 2, retaliatory headbutt
a: Renounce Religion, Recall Ancestor, Ancestor Identity, Transference, Idealise


You were on level 1 of the Spider Nest.
You worshipped Hepliaklqana.
Hepliaklqana was exalted by your worship.
You visited 4 branches of the dungeon, and saw 20 of its levels.
You also visited: Sewer and Gauntlet.

You collected 1915 gold pieces.

Inventory:

Hand Weapons
 b - a +0 war axe of flaming
 l - a +0 hand axe of draining
 F - a +9 broad axe of freezing (weapon)
Armour
 c - a +0 buckler (worn)
 R - a +0 cloak (worn)
 X - a +2 chain mail of cold resistance (worn)
 Z - a +2 pair of boots of rampaging (worn)
Jewellery
 h - a ring of protection from cold
 p - a +6 ring of strength
 q - an amulet of regeneration
 t - a ring of poison resistance (left hand)
 z - an amulet of reflection (around neck)
 P - a ring of protection from fire
 Y - a ring of resist corrosion (right hand)
Wands
 a - a wand of polymorph (3)
 w - a wand of iceblast (6)
 y - a wand of paralysis (10)
 E - a wand of charming (11)
 J - a wand of flame (27)
 K - a wand of digging (5)
Scrolls
 f - 2 scrolls of summoning
 j - a scroll of enchant weapon
 m - 2 scrolls of enchant armour
 n - 7 scrolls of teleportation
 o - a scroll of magic mapping
 r - 4 scrolls of vulnerability
 s - 4 scrolls of blinking
 C - 4 scrolls of amnesia
 D - 5 scrolls of fear {unknown}
 H - 2 scrolls of fog
 O - 2 scrolls of silence
 S - a scroll of immolation
Potions
 d - a potion of might
 e - 4 potions of ambrosia
 g - 3 potions of cancellation {unknown}
 i - 4 potions of curing
 k - 5 potions of lignification
 u - 2 potions of experience {unknown}
 v - a potion of berserk rage
 x - 6 potions of mutation
 A - 2 potions of haste
 G - 2 potions of invisibility {unknown}
 I - a potion of brilliance {unknown}
 L - 2 potions of magic {unknown}
 Q - a potion of flight {unknown}
 T - 3 potions of degeneration {unknown}


   Skills:
 + Level 15.0 Fighting
 + Level 17.3 Axes
 + Level 13.6 Armour
 + Level 14.1 Shields
 * Level 12.2 Invocations


You had 14 spell levels left.
You didn't know any spells.
Your spell library was empty.

Dungeon Overview and Level Annotations

Branches:
Dungeon (11/15)            Temple (0/1) D:5            Lair (6/6) D:8
  Swamp (0/4) Lair:3       Spider (1/4) Lair:3        Slime (0/5) Lair:5
    Orc (2/2) D:11            Elf (0/3) Orc:2         Sewer (visited)
Gauntlet (visited)

Altars:
Ashenzari
Dithmenos
Elyvilon
Fedhas
Hepliaklqana
Kikubaaqudgha
Makhleb
Nemelex Xobeh
Okawaru
Sif Muna
Trog
Vehumet
Wu Jian
Yredelemnul
Zin
Beogh
Jiyva

Shops:
D:2 (   D:9 *   Orc:2 :([(

Annotations:
D:9 Gastronok
Lair:5 1 runed translucent door


Innate Abilities, Weirdness & Mutations

Your life essence is reduced to manifest your ancestor. (-10% HP)
You have a pair of horns on your head.
You reflexively headbutt those who attack you in melee.


Message History

You hit the meliai. You freeze the meliai. Your headbutt misses the meliai.
The meliai is severely wounded.
The meliai hits Servia but does no damage.
The meliai closely misses you.
The meliai stings Servia but does no damage.
Servia hits the meliai with a +0 broad axe of flaming!
Servia burns the meliai.
The meliai dies!
A meliai comes into view. It is wielding a +0 trident.
The meliai buzzes angrily.
You block the meliai's attack. x2
The meliai hits you from afar with a +0 trident.
You block the meliai's attack. The meliai barely misses you.
The meliai hits you but does no damage.
Items here: $ ) ? [.
The meliai hits you but does no damage.
The meliai stings you but does no damage.
The meliai hits you with a +0 trident!
The meliai stings you but does no damage.
The meliai hits you with a +0 war axe. The meliai stings you.
The meliai hits you with a +0 trident!
* * * LOW HITPOINT WARNING * * *
The meliai closely misses you.
You slash the meliai! You freeze the meliai. You headbutt the meliai.
The meliai is severely wounded.
You miss the meliai. You block the meliai's attack.
The meliai closely misses Servia.
The meliai barely misses you. The meliai hits you with a +0 trident!
* * * LOW HITPOINT WARNING * * *
The meliai stings you but does no damage.
The meliai mumbles some strange prayers to its god against you.
Something smites you!
* * * LOW HITPOINT WARNING * * *
Servia hits the meliai with a +0 broad axe of flaming!
Servia burns the meliai!
The meliai dies!
A tarantella comes into view.
The meliai mumbles some strange prayers to its god against you.
Something smites you!
You die...

##..# #. #..##
. .. ##..#
s#.# #..##
...## ##.^#
#..^ ##.†##
#####.. #..###
#.....y##†.#.#
#..# #)@....^#
#...##R..#..#
#...†.##.#.#
#..#.##...###
# #. .....# ..
.##..# ..# ..
..# ### ## ##


You could see the friendly Servia the knight, a tarantella (wandering) and a
meliai.

Vanquished Creatures
  A dire elephant (Lair:2)
  Snorg (Lair:3)
  A boulder beetle (D:9)
  2 hydras (Lair:6)
  Fannar (Lair:3)
  An anaconda (Lair:2)
  3 two-headed ogres
  2 catoblepae
  9 death yaks
  2 orc high priests (Orc:2)
  An orb spider (Spider:1)
  3 orc knights (Orc:2)
  2 orc sorcerers (Orc:2)
  5 manticores
  A centaur zombie (D:11)
  4 elephants
  11 black mambas
  12 cane toads
  Maggie (D:7)
  6 komodo dragons
  A rime drake (Lair:4)
  A troll (Orc:2)
  A polar bear (Lair:5)
  12 blink frogs
  2 tyrant leeches
  A tarantella (Spider:1)
  5 dream sheep (Lair:5)
  5 jumping spiders (Spider:1)
  A shadow (D:10)
  43 yaks
  A vampire (D:11)
  A wraith (D:11)
  9 wyverns
  A steam dragon (D:10)
  2 basilisks
  A redback (Spider:1)
  4 wargs (Orc:2)
  Menkaure (D:7)
  3 swamp worms
  An acid dragon (D:7)
  13 water moccasins
  A sky beast (D:5)
  An ice beast (D:6)
  16 orc warriors
  2 black bears
  A necrophage (D:4)
  3 ogres
  A centaur (D:7)
  9 wolves
  3 lemures (D:7)
  5 kobold brigands
  10 bullfrogs
  2 scorpions
  A wyvern skeleton (D:7)
  A water moccasin skeleton (D:7)
  Dowan (D:7)
  8 killer bees
  2 wights (D:9)
  A howler monkey (D:8)
  4 jellies
  3 hounds
  11 orc priests
  An iron imp (Gauntlet)
  15 orc wizards
  10 adders
  6 gnolls
  2 shadow imps
  A white imp (Gauntlet)
  An ufetubus (D:4)
  2 worms
  5 dart slugs (D:1)
  33 orcs
  27 endoplasms
  7 giant cockroaches
  13 hobgoblins
  7 jackals
  6 quokkas
  12 ball pythons
  6 bats
  15 frilled lizards
  6 goblins
  13 kobolds
  4 rats
  A spectral orc (D:10)
457 creatures vanquished.

Vanquished Creatures (collateral kills)
  Rupert (Lair:5)
  A minotaur (Gauntlet)
  A spark wasp (Spider:1)
  A boulder beetle (Lair:5)
  2 catoblepae (Lair:6)
  3 hydras
  7 death yaks
  An orc high priest (Orc:2)
  An orc knight (Orc:2)
  Pikel (D:7)
  2 orc sorcerers (Orc:2)
  3 oklob plants
  A manticore (Lair:2)
  3 elephants
  A black mamba (Lair:4)
  A rust devil (Gauntlet)
  Joseph (D:8)
  3 cane toads
  A gargoyle (D:10)
  4 rime drakes
  A komodo dragon (Lair:5)
  2 meliai (Spider:1)
  2 trolls (D:10)
  A queen bee (Gauntlet)
  A polar bear (Lair:2)
  Grinder (D:6)
  A tyrant leech (Lair:3)
  2 blink frogs (Lair:4)
  3 dream sheep
  A culicivora (Spider:1)
  A ynoxinul (Gauntlet)
  20 yaks
  A basilisk (Lair:4)
  2 wargs
  A swamp worm (Lair:3)
  Duvessa (D:7)
  2 water moccasins
  A floating eye (Lair:6)
  A sky beast (D:8)
  A black bear (Lair:2)
  An ogre (D:6)
  6 orc warriors
  6 wolves
  2 centaurs (D:7)
  2 bullfrogs
  A scorpion (D:5)
  A water moccasin zombie (D:5)
  2 killer bees (D:8)
  A water moccasin skeleton (D:6)
  2 wights (D:9)
  2 electric eels (Lair:2)
  An orc priest (D:8)
  A gnoll shaman (D:6)
  An iron imp (Gauntlet)
  An iguana (D:5)
  8 orc wizards
  A killer bee zombie (D:8)
  6 adders
  2 gnolls (D:6)
  A shadow imp (D:8)
  2 white imps (Gauntlet)
  15 orcs
  6 endoplasms (Sewer)
  3 giant cockroaches (Sewer)
  A jackal (D:4)
  2 quokkas (Sewer)
  A ball python (Sewer)
  3 kobolds
  A bush (D:7)
167 creatures vanquished.

Vanquished Creatures (others)
  A wizard (Gauntlet)
  6 knights
  An ancestor (D:4)
  A bush (Lair:6)
  42 fungi
  76 plants
  7 toadstools (D:4)
134 creatures vanquished.

Grand Total: 758 creatures vanquished

Notes
Turn   | Place    | Note
-------+----------+-------------------------------------------
     0 | D:1      | Exodus22XD the Minotaur Fighter began the quest for the
                  | Orb.
     0 | D:1      | Reached XP level 1. HP: 19/19 MP: 0/0
   129 | D:1      | Reached XP level 2. HP: 17/27 MP: 1/1
   435 | D:1      | Reached skill level 3 in Axes
   437 | D:1      | Reached XP level 3. HP: 30/33 MP: 2/2
  1026 | D:2      | Reached XP level 4. HP: 37/40 MP: 3/3
  1319 | D:2      | Found a faded altar of an unknown god.
  1320 | D:2      | Found Nuel's Antique Weapon Shop.
  1323 | D:2      | Reached skill level 4 in Axes
  1461 | D:2      | Prayed at the altar of an unknown god.
  1461 | D:2      | Became a worshipper of Hepliaklqana the Forgotten
  1461 | D:2      | Reached * piety under Hepliaklqana
  1984 | D:3      | Found a faded altar of an unknown god.
  1988 | D:3      | Found a shimmering blue altar of Sif Muna.
  2026 | D:3      | Found an ornate altar of the Wu Jian Council.
  2121 | D:3      | Found a glowing silver altar of Zin.
  2225 | D:3      | Reached XP level 5. HP: 42/42 MP: 4/4
  2282 | D:3      | Reached ** piety under Hepliaklqana
  2758 | D:4      | Reached skill level 1 in Invocations
  2768 | D:4      | Reached skill level 5 in Axes
  2768 | D:4      | Reached skill level 5 in Armour
  3094 | D:4      | Reached XP level 6. HP: 35/49 MP: 4/6
  3277 | D:4      | Reached skill level 5 in Fighting
  3714 | D:4      | Reached skill level 6 in Axes
  3714 | D:4      | Reached XP level 7. HP: 53/54 MP: 7/7
  3778 | D:5      | Entered Level 5 of the Dungeon
  3812 | D:5      | Remembered your ancestor Servia as a knight
  3972 | D:5      | Found a staircase to the Ecumenical Temple.
  4060 | D:5      | Found a white marble altar of Elyvilon.
  4283 | D:5      | Reached *** piety under Hepliaklqana
  4433 | D:5      | Found an iron altar of Okawaru.
  4520 | D:6      | Reached skill level 7 in Axes
  4658 | D:6      | Reached XP level 8. HP: 47/62 MP: 9/9
  4763 | D:6      | Found a burning altar of Makhleb.
  4876 | D:6      | Found a glowing drain.
  4885 | Sewer    | Entered a sewer
  5232 | Sewer    | Reached skill level 8 in Axes
  5376 | D:6      | Noticed a cyclops
  5429 | D:6      | Reached skill level 5 in Shields
  5446 | D:6      | Noticed Grinder
  5459 | D:6      | Paralysed by Grinder for 3 turns
  5460 | D:6      | Killed Grinder
  5849 | D:6      | Found a sparkling altar of Nemelex Xobeh.
  5850 | D:6      | Reached **** piety under Hepliaklqana
  6359 | D:7      | Noticed Maggie
  6364 | D:7      | Noticed Duvessa
  6370 | D:7      | Killed Maggie
  6371 | D:7      | Reached XP level 9. HP: 29/69 MP: 7/11
  6376 | D:7      | Reached skill level 9 in Axes
  6376 | D:7      | Killed Duvessa
  6393 | D:7      | Noticed Dowan
  6608 | D:7      | Killed Dowan
  6619 | D:7      | Found a blossoming altar of Fedhas.
  6707 | D:7      | Reached skill level 5 in Invocations
  7041 | D:7      | Noticed Menkaure
  7044 | D:7      | Killed Menkaure
  7151 | D:7      | Found an ancient bone altar of Kikubaaqudgha.
  7185 | D:7      | Noticed Pikel
  7196 | D:7      | Killed Pikel
  7197 | D:7      | Reached skill level 10 in Axes
  7599 | D:8      | Found a radiant altar of Vehumet.
  7609 | D:8      | Reached XP level 10. HP: 43/77 MP: 13/13
  8001 | D:8      | Noticed Joseph
  8015 | D:8      | Killed Joseph
  8016 | D:8      | Reached skill level 11 in Axes
  8750 | D:8      | Noticed a two-headed hydra
  8759 | D:8      | Killed a two-headed hydra
  8760 | D:8      | Reached skill level 12 in Axes
  8983 | D:8      | Found a staircase to the Lair.
  9072 | D:8      | Found a bloodstained altar of Trog.
  9160 | D:8      | Found a shadowy altar of Dithmenos.
  9186 | D:9      | Reached skill level 10 in Armour
  9190 | D:9      | Reached XP level 11. HP: 76/85 MP: 15/15
  9400 | D:9      | Reached ***** piety under Hepliaklqana
  9455 | D:9      | Noticed a two-headed ogre
  9464 | D:9      | Killed a two-headed ogre
  9706 | D:9      | Noticed a boulder beetle
  9722 | D:9      | Killed a boulder beetle
  9863 | D:9      | Identified the +9 long sword "Giatamem" {antimagic, Fly
                  | rElec rCorr}
  9917 | D:9      | Noticed a lindwurm
 10170 | D:9      | Noticed Gastronok
 10227 | D:10     | Entered Level 10 of the Dungeon
 10312 | D:10     | Noticed a two-headed ogre
 10317 | D:10     | Killed a two-headed ogre
 10540 | D:10     | Reached skill level 13 in Axes
 10685 | D:10     | Found a broken altar of Ashenzari.
 10793 | D:10     | Found a basalt altar of Yredelemnul.
 10859 | D:10     | Identified the +1 chain mail of the Chupacabra {rN+}
 10951 | D:10     | Found a runed translucent door.
 11541 | Lair:1   | Entered Level 1 of the Lair of Beasts
 12129 | Lair:1   | Identified the +2 shortbow "Xadaes" {freeze, rN+ Str+4
                  | Dex+2}
 12363 | Lair:2   | Reached skill level 10 in Fighting
 12446 | Lair:2   | Noticed a catoblepas
 12472 | Lair:2   | Killed a catoblepas
 12866 | Lair:2   | Noticed an anaconda
 12875 | Lair:2   | Killed an anaconda
 12876 | Lair:2   | Reached skill level 14 in Axes
 12876 | Lair:2   | Reached XP level 12. HP: 46/95 MP: 17/17
 14212 | Lair:2   | Noticed a dire elephant
 14225 | Lair:2   | Killed a dire elephant
 14737 | Lair:3   | Reached skill level 15 in Axes
 14748 | Lair:3   | Reached skill level 10 in Shields
 15056 | Lair:3   | Found a staircase to the Swamp.
 15367 | Lair:3   | Noticed Fannar
 15389 | Lair:3   | Found a hole to the Spider Nest.
 15392 | Lair:3   | Killed Fannar
 15552 | Lair:3   | Noticed Snorg
 15558 | Lair:3   | Killed Snorg
 15942 | Lair:4   | Noticed a death yak
 15943 | Lair:4   | Noticed a death yak
 15943 | Lair:4   | Noticed a death yak
 15943 | Lair:4   | Noticed a death yak
 15952 | Lair:4   | Noticed a death yak
 16265 | Lair:2   | Killed a death yak
 16266 | Lair:2   | Reached XP level 13. HP: 8/104 MP: 17/19
 16893 | Lair:3   | Reached skill level 10 in Invocations
 17941 | Lair:4   | Reached skill level 16 in Axes
 17956 | Lair:4   | Reached ****** piety under Hepliaklqana
 18656 | Lair:5   | Found a runed translucent door.
 18656 | Lair:5   | Found a viscous altar of Jiyva.
 18657 | Lair:5   | Found a staircase to the Slime Pits.
 18657 | Lair:5   | Noticed an azure jelly
 18657 | Lair:5   | Noticed an azure jelly
 18865 | Lair:5   | Noticed Rupert
 18875 | Lair:5   | Killed Rupert
 19694 | Lair:6   | Entered Level 6 of the Lair of Beasts
 19776 | Lair:6   | Reached XP level 14. HP: 71/116 MP: 21/21
 19843 | Lair:6   | HP: 5/116 [black mamba (13)]
 19912 | Lair:6   | Found a gate leading to a gauntlet.
 19921 | Gauntlet | Entered a Gauntlet
 19921 | Gauntlet | Found a transporter.
 20271 | Gauntlet | Found a transporter.
 20274 | Gauntlet | Found a transporter.
 20275 | Gauntlet | Found a transporter.
 20283 | Gauntlet | Found a transporter.
 20286 | Gauntlet | Found a transporter.
 20287 | Gauntlet | Found a transporter.
 20295 | Gauntlet | Found a transporter.
 20298 | Gauntlet | Found a transporter.
 20299 | Gauntlet | Found a transporter.
 20307 | Gauntlet | Found a transporter.
 20310 | Gauntlet | Found a transporter.
 20311 | Gauntlet | Found a transporter.
 20318 | Gauntlet | Found a runed translucent door.
 20321 | Gauntlet | Found a transporter.
 21427 | Lair:6   | Paralysed by a floating eye for 2 turns
 23564 | D:9      | Found Afialus's Changing Room.
 24389 | D:11     | Found a staircase to the Orcish Mines.
 24808 | Orc:1    | Entered Level 1 of the Orcish Mines
 24958 | Orc:2    | Entered Level 2 of the Orcish Mines
 25054 | Orc:2    | Reached skill level 17 in Axes
 25223 | Orc:2    | Found a staircase to the Elven Halls.
 25247 | Orc:2    | HP: 4/119 [orc warrior/+0 battleaxe (8)]
 26282 | Orc:2    | Reached XP level 15. HP: 74/125 MP: 23/23
 26644 | Orc:2    | Found Fesil's Book Shop.
 26644 | Orc:2    | Found Keamapol's Weapon Shoppe.
 26650 | Orc:2    | Found Zoruruq's Antique Weapon Shop.
 26650 | Orc:2    | Found Xuarouq's Antique Armour Shoppe.
 27029 | Orc:2    | Paralysed by an orc sorcerer for 7 turns
 27402 | Spider:1 | Entered Level 1 of the Spider Nest
 27446 | Spider:1 | Reached skill level 15 in Fighting
 27536 | Spider:1 | Killed from afar by a meliai

Illustrated notes

Levels and vault maps discovered:
D:1:      denvon_arrival_planthouse, layout_rooms, minmay_lizard_pond
D:2:      layout_basic, serial_shops, shop,
          hellmonk_ecumenical_altar_pennies_from_heaven
D:3:      layout_basic, mainiacjoe_overflow_surrounded_room,
          nicolae_overflow_ecumenical_swirl, mainiacjoe_overflow_alcove_4,
          serial_bayou_pond_b
D:4:      cheibrodos_fertilizer, layout_loops_ring
D:5:      layout_cave_pools, kennysheep_okawaru_gauntlet,
          mainiacjoe_overflow_concentric_impassable,
          minmay_temple_entry_crystal_x, columned_hall_lemuel,
          hangedman_decor_slide_cut
D:6:      layout_gridville, nicolae_overflow_crystal_walls, lemuel_tele_altar,
          portal_sewer_entry_d, uniq_grinder
D:7:      layout_cave_pools, fedhas_bush_and_centaur_altar,
          overflow_temple_1_default, minmay_manual_mares, uniq_maggie,
          uniq_menkaure, uniq_pikel, uniq_duvessa
D:8:      layout_cave_pools, grunt_dithmenos_shadows, vehumet_altar_wand_db,
          mainiacjoe_overflow_24_doors, grunt_lair_entry_orc_guard_hut,
          hangedman_ranch, uniq_joseph
D:9:      layout_long_grid, nicolae_two_hexagons, minivault_1,
          nicolae_transmutations_shop, hangedman_decor_points,
          minmay_lindwurm_lava, uniq_gastronok
D:10:     minmay_evil_eye, layout_stronghold, mainiacjoe_overflow_chevrons,
          yredelemnul_forgotten_temple_becter, nrook_loot_triangle,
          lightli_church_of_beogh
D:11:     layout_basic, orc_0_dummy
Lair:1:   layout_cave_shapes, serial_bayou_shore_b
Lair:2:   layout_gridlike, nicolae_lair_lakeside_cave, lemuel_fruit_fields,
          grunt_megastairs_4, lemuel_fruit_tree, serial_bayou_shore_b,
          lemuel_fruit_fields, lemuel_fruit_fields
Lair:3:   layout_roguey, minmay_swamp_entry_worms, spider_nest_entry_web_field,
          uniq_snorg, uniq_fannar
Lair:4:   dpeg_oklob_shooting_range, layout_gridlike, beast_lair_carwin_11
Lair:5:   layout_long_grid, slime_altar_2, grunt_forest_small_clearing_treed,
          grunt_megastairs_3, uniq_rupert
Lair:6:   evilmike_catoblepas_cave, layout_regular_city, gauntlet_entry_generic,
          nicolae_lair_grove_arrangements, disabler_island
Spider:1: layout_spider_delve, drop_trap
Orc:1:    layout_caves, serial_shops, nicolae_shop_crystal
Orc:2:    grunt_orc_tribal_feast, layout_caves, basic_altar, nooodl_orcs_dogs

Skill      XL: |  1  2  3  4  5  6  7  8  9 10 11 12 13 14 15 |
---------------+----------------------------------------------+-----
Armour         | 4 5 6 8 9 10 11 12 13 | 13.6
Fighting       | 4 5 6 7 8 10 11 13 14 15 | 15.0
Axes           | 3 4 5 6 7 8 10 12 14 15 16 17 | 17.3
Shields        | 4 5 6 7 9 10 12 13 14 | 14.1
Invocations    | 1 2 3 4 5 7 8 9 10 12 | 12.2

Action                   |  1- 3 |  4- 6 |  7- 9 | 10-12 | 13-15 || total
-------------------------+-------+-------+-------+-------+-------++-------
Melee: War axe           |    81 |     5 |    41 |   381 |   356 ||   864
       Headbutt          |    22 |    21 |    24 |    96 |   212 ||   375
       Hand axe          |       |   102 |   162 |       |   398 ||   662
       Broad axe         |       |       |       |       |    62 ||    62
Invok: Ancestor Life: Kn |       |       |     1 |       |       ||     1
       Idealise          |       |       |     1 |     1 |     5 ||     7
       Recall Ancestor   |       |       |       |     2 |     4 ||     6
  Use: Scroll            |       |       |     1 |    13 |    14 ||    28
       Potion            |       |       |       |     3 |     6 ||     9
 Stab: Distracted        |       |     1 |       |     4 |     5 ||    10
Armor: Scale mail        |    42 |    32 |    41 |       |       ||   115
       Chain mail        |       |       |     4 |       |    59 ||    63
       Swamp dragon scal |       |       |    11 |   116 |   110 ||   237
Dodge: Dodged            |    50 |    53 |    64 |   108 |   169 ||   444
Block: Buckler           |    22 |    16 |    56 |   193 |   320 ||   607
       Reflection        |       |       |     7 |     3 |     3 ||    13
